 Dungeon Crawl Stone Soup version 0.31-a0-277-g31ea1f65cc (webtiles) character file.

Game seed: 15454225085766482967

456 mopl the Insei (level 7, 0/46 HPs)
             Began as an Octopode Shapeshifter on July 15, 2023.
             Was a Priest of Uskayaw.
             Slain by an orc wizard
             ... wielding a +0 dagger
              (3 damage)
             ... on level 4 of the Dungeon.
             The game lasted 00:03:10 (2878 turns).

mopl the Insei (Octopode Shapeshifter)              Turns: 2878, Time: 00:03:11

Health: 0/46       AC:  5    Str: 14    XL:     7   Next: 6%
Magic:  7/7        EV: 14    Int: 10    God:    Uskayaw [***...]
Gold:   209        SH:  0    Dex: 15    Spells: 6/6 levels left

rFire   . .          .
                       - Unarmed
rCold   . . .        (no shield)
rNeg    + . .        (helmet currently unavailable)
rPois   .            (no amulet)
rElec   .            l - ring of positive energy
rCorr   .            m - +4 ring of protection
SInv    .            (no ring)
Will    .....        (no ring)
Stlth   ++           (no ring)
HPRegen 0.27/turn    (no ring)
MPRegen 0.10/turn    (no ring)
                     (no ring)

%: no passive effects
@: beast-form, studying Hexes, invisible
A: beast (slay +3), almost no armour, amphibious, 8 rings, camouflage 1,
gelatinous body 1, (nimble swimmer 1), tentacles
a: Begin Untransformation, Renounce Religion, Stomp, Line Pass


You were on level 4 of the Dungeon.
You worshipped Uskayaw.
Uskayaw was noncommittal.
You were a hulking beast.
You visited 2 branches of the dungeon, and saw 5 of its levels.
You also visited: Sewer.

You collected 209 gold pieces.

Inventory:

Missiles
 n - 2 curare-tipped darts
 q - 2 boomerangs
Jewellery
 l - a ring of positive energy (left tentacle)
 m - a +4 ring of protection (right tentacle)
 o - a ring of ice
Talismans
 b - a beast talisman
Scrolls
 c - 2 scrolls of identify {unknown}
 d - 4 scrolls of enchant armour {unknown}
 e - 2 scrolls of fog {unknown}
 f - a scroll of enchant weapon {unknown}
 g - a scroll of butterflies {unknown}
 k - 2 scrolls of immolation {unknown}
 p - a scroll of blinking
 s - a scroll of teleportation {unknown}
Potions
 a - a potion of lignification {!q}
 h - 2 potions of invisibility
 i - a potion of curing {unknown}
 j - a potion of heal wounds {unknown}
 r - a potion of haste {unknown}
 t - 2 potions of mutation {unknown}


   Skills:
 + Level 3.3 Fighting
 + Level 3.4 Dodging
 * Level 4.5 Unarmed Combat
 + Level 0.3 Invocations
 * Level 4.5 Shapeshifting


You had 6 spell levels left.
You didn't know any spells.
Your spell library contained the following spells:

 Spells                   Type           Power      Damage    Failure   Level
 Sting                    Tmut/Pois      0%         1d3       36%         1
 Ensorcelled Hibernation  Hex/Ice        0%         N/A       50%         2
 Passwall                 Tmut/Erth      0%         N/A       50%         2
 Poisonous Vapours        Pois/Air       0%         N/A       50%         2
 Swiftness                Air            0%         N/A       75%         3
 Olgreb's Toxic Radiance  Pois           0%         N/A       98%         4


Dungeon Overview and Level Annotations

Branches:
Dungeon (4/15)             Temple (1/1) D:4           Sewer (visited)

Altars:
Elyvilon
Gozag
Nemelex Xobeh
Uskayaw
The Shining One

Shops:
D:4 =


Innate Abilities, Weirdness & Mutations

You are a hulking beast.
Your limbs bulge with bestial killing power. (Slay +3)
You cannot wear most types of armour.
You are amphibious.
You can wear up to eight rings at the same time.
Your skin changes colour to match your surroundings (Stealth+).
Your rubbery body absorbs attacks. (AC +1, EV +1)
((You are camouflaged when in or above water. (Stealth+)))
You have tentacles for arms and can constrict up to eight enemies at once.


Message History

You kill the orc!
The orc hits you but does no damage. Something hits you.
The orc priest closely misses you.
Unknown command.
The orc barely misses you.
You hear some strange, mumbled words.
A puff of flame appears from out of thin air!
The puff of flame hits you.
The orc priest hits you with a +0 trident.
Things that are here:
a +0 hand axe; a +0 leather armour; an orc corpse You bludgeon the orc priest!
You grab the orc priest.
The orc priest is heavily wounded.
You constrict the orc priest. The orc hits you with a +0 dagger.
Something hits you.
The orc priest hits you with a +0 trident.
* * * LOW HITPOINT WARNING * * *
You can now pass through a line of other dancers.
You bludgeon the orc priest!
You kill the orc priest!
Something hits you.
* * * LOW HITPOINT WARNING * * *
The orc hits you with a +0 dagger.
* * * LOW HITPOINT WARNING * * *
You have reached level 7!
It was a potion of invisibility.
You fade into invisibility!
Something hits you but does no damage. The orc hits you with a +0 dagger.
* * * LOW HITPOINT WARNING * * *
Unknown command.
You barely miss something. Your squeeze misses something.
You barely miss something. Your squeeze misses something.
Something hits you but does no damage. The orc completely misses you.
You bludgeon something! Something hits you.
* * * LOW HITPOINT WARNING * * *
The orc hits you but does no damage.
Uskayaw will force your foes to helplessly watch your dance.
Uskayaw prepares the audience for your solo!
You tentacle-slap something. Something hits you.
You die...

......#......................#
............##.<.............#
#...........##...............#
#....)......##...............#
#####..............###########
#####.....................
...........###.....#######
.####......####o.####... #
#........##..)h{......
###.########....)$......
........................
.......#####............
#......# #............
.#.†...# #"...........
##.....# #......>.....
.#.....# ##...........
#..#####


You could see an orc (paralysed).

Vanquished Creatures
  2 bullfrogs (Sewer)
  3 orc priests (D:4)
  An iguana (D:4)
  An orc wizard (D:4)
  6 adders
  2 river rats (D:4)
  2 worms
  A dart slug (D:2)
  11 orcs
  2 bats
  5 endoplasms
  22 giant cockroaches
  7 goblins
  4 hobgoblins
  2 jackals (D:4)
  6 kobolds
  5 quokkas
  6 ball pythons
  6 frilled lizards
  7 rats
101 creatures vanquished.

Notes
Turn   | Place    | Note
-------+----------+-------------------------------------------
     0 | D:1      | mopl the Octopode Shapeshifter began the quest for the Orb.
     0 | D:1      | Reached XP level 1. HP: 14/14 MP: 1/1
   225 | D:1      | Reached XP level 2. HP: 19/19 MP: 2/2
   644 | D:2      | Reached XP level 3. HP: 24/24 MP: 3/3
  1084 | D:2      | Found a glowing golden altar of the Shining One.
  1639 | D:3      | Reached skill level 3 in Unarmed Combat
  1639 | D:3      | Reached XP level 4. HP: 30/30 MP: 4/4
  2058 | D:3      | Found a faded altar of an unknown god.
  2282 | D:4      | Reached XP level 5. HP: 35/35 MP: 5/5
  2342 | D:4      | Found a glowing drain.
  2353 | Sewer    | Entered a sewer
  2406 | Sewer    | Reached skill level 4 in Shapeshifting
  2406 | Sewer    | Reached XP level 6. HP: 41/41 MP: 6/6
  2415 | Sewer    | Reached skill level 3 in Fighting
  2415 | Sewer    | Reached skill level 3 in Dodging
  2415 | Sewer    | Reached skill level 4 in Unarmed Combat
  2616 | D:4      | Found Estrunamo's Jewellery Boutique.
  2809 | D:4      | Found a staircase to the Ecumenical Temple.
  2820 | Temple   | Entered the Ecumenical Temple
  2826 | Temple   | Became a worshipper of Uskayaw the Reveller
  2869 | D:4      | Reached * piety under Uskayaw
  2872 | D:4      | Reached ** piety under Uskayaw
  2874 | D:4      | Reached XP level 7. HP: 4/46 MP: 7/7
  2877 | D:4      | Reached *** piety under Uskayaw
  2878 | D:4      | Slain by an orc wizard

Illustrated notes

Levels and vault maps discovered:
D:1:      mrwooster_arrival_arrow, layout_loops_ring
D:2:      layout_basic, basic_altar
D:3:      layout_basic, shapermc_ecumenical_altar_mp_ritualfount
D:4:      layout_rooms, mainiacjoe_overflow_divided_tiny,
          minmay_temple_entry_sparse_star, serial_shops,
          nicolae_shop_gaudy_bauble, portal_sewer_entry_e, minmay_manual_mess
Temple:   zaba_magenta_temple

Skill      XL: |  1  2  3  4  5  6 |
---------------+-------------------+-----
Unarmed Combat | 3 4 |  4.5
Shapeshifting  | 4 |  4.5
Fighting       | 3 |  3.3
Dodging        | 3 |  3.4
Invocations    | |  0.3

Action                     |  1- 3 |  4- 6 |  7- 9 || total
---------------------------+-------+-------+-------++-------
  Melee: Unarmed           |    57 |   132 |     4 ||   193
         Tentacles         |    13 |    26 |       ||    39
         Constrict         |    15 |    49 |       ||    64
         Punch             |     3 |     5 |       ||     8
    Use: Potion            |       |       |     1 ||     1
   Stab: Sleeping          |    11 |    16 |       ||    27
         Distracted        |       |     1 |       ||     1
 Armour: Skin              |     5 |    24 |     3 ||    32
  Dodge: Dodged            |    27 |    69 |     1 ||    97

Table legend: (Time is in decaauts)
 A = Elapsed time spent in this place.
 B = Non-inter-level travel time spent in this place.
 C = Inter-level travel time spent in this place.
 D = Time resting spent in this place.
 E = Time spent auto-exploring this place.
 F = Levels seen in this place.
 G = Mean time per level.
                   A        B        C        D        E       F      G
               +--------+--------+--------+--------+--------+-----+--------+
         Total |   2864 |   2789 |     75 |      0 |   2185 |   6 |  477.3 |
       Dungeon |   2631 |   2561 |     70 |      0 |   2100 |   4 |  657.8 |
        Temple |     10 |      6 |      4 |      0 |      0 |   1 |   10.0 |
         Sewer |    222 |    222 |      0 |      0 |     85 |   1 |  222.0 |
               +--------+--------+--------+--------+--------+-----+--------+

Top non-repeatable levels by time:
     D:3: 874 daAuts
     D:2: 780 daAuts
     D:1: 613 daAuts
     D:4: 363 daAuts
   Sewer: 222 daAuts
  Temple: 10 daAuts
